2025 views
Uploaded 2023-05-12 17:36:05
Game version 1.36 (6115)
15:20 long 4on4 ladder game on (8)Northshire_S2
Saved by DKnight
2025 views
Uploaded 2023-05-12 17:36:05
Game version 1.36 (6115)
15:20 long 4on4 ladder game on (8)Northshire_S2


109 units @ 12.6k
/ 1.3k
66 buildings @ 11.2k
/ 4.2k


| Lesser Clarity Potion | 1 | 70 |
| Scroll of Town Portal | 2 | 700 |
| Scroll of Healing | 2 | 500 |
| Potion of Lesser Invulnerability | 1 | 150 |
| total: | 6 | 1420g |
| Wisp | 28 | 1680 | / | 0 |
| Archer | 14 | 1820 | / | 140 |
| Hippogryph | 8 | 1280 | / | 160 |
| total: | 50 | 4780g | / | 300w |
| Ancient Protector | 5 | 675 | / | 400 |
| Altar of Elders | 1 | 180 | / | 50 |
| Moon Well | 7 | 1260 | / | 280 |
| Ancient of War | 1 | 150 | / | 60 |
| Hunter's Hall | 2 | 420 | / | 200 |
| Ancient of Wonders | 1 | 90 | / | 30 |
| Tree of Life | 1 | 340 | / | 185 |
| Ancient of Wind | 2 | 300 | / | 280 |
| Tree of Ages | 1 | 320 | / | 180 |
| Tree of Eternity | 1 | 330 | / | 200 |
| total: | 20 | 3415g | / | 1485w |
| 0:01 | Wisp |
| 0:01 | Wisp |
| 0:05 | Altar of Elders |
| 0:15 | Moon Well |
| 0:22 | Wisp |
| 0:22 | Wisp |
| 0:34 | Wisp |
| 0:45 | Ancient of War |
| 0:59 | Wisp |
| 0:59 | Wisp |
| 1:17 | Wisp |
| 1:29 | Moon Well |
| 1:37 | Wisp |
| 1:37 | Wisp |
| 1:46 | Archer |
| 2:07 | Immolation |
| 2:25 | Tree of Ages |
| 2:26 | Archer |
| 2:37 | Archer |
| 2:55 | Archer |
| 3:25 | Moon Well |
| 3:28 | Moon Well |
| 3:35 | Archer |
| 3:35 | Archer |
| 3:38 | Evasion |
| 4:23 | Hunter's Hall |
| 4:25 | Ancient of Wonders |
| 4:46 | Wisp |
| 4:46 | Wisp |
| 4:46 | Wisp |
| 4:49 | Ancient of Wind |
| 4:49 | Ancient of Wind |
| 5:20 | Mana Burn |
| 5:25 | Tree of Life |
| 6:08 | Frost Arrows |
| 6:50 | Hippogryph |
| 7:04 | Wisp |
| 7:04 | Wisp |
| 7:05 | Wisp |
| 7:17 | Hippogryph |
| 7:18 | Archer |
| 7:19 | Improved Bows |
| 7:36 | Wisp |
| 7:37 | Wisp |
| 7:53 | Hippogryph |
| 7:56 | Archer |
| 9:03 | Wisp |
| 9:03 | Wisp |
| 9:03 | Wisp |
| 9:04 | Wisp |
| 9:12 | Hunter's Hall |
| 9:24 | Lesser Clarity Potion |
| 9:37 | Archer |
| 9:37 | Archer |
| 9:39 | Hippogryph |
| 9:47 | Moon Well |
| 9:55 | Nature's Blessing |
| 9:56 | Tree of Eternity |
| 10:22 | Ancient Protector |
| 10:26 | Ancient Protector |
| 11:22 | Ancient Protector |
| 11:29 | Hippogryph |
| 11:33 | Ancient Protector |
| 11:34 | Ancient Protector |
| 12:02 | Archer |
| 12:03 | Archer |
| 12:03 | Archer |
| 12:09 | Potion of Lesser Invulnerability |
| 12:09 | Scroll of Town Portal |
| 12:10 | Scroll of Healing |
| 12:18 | Scroll of Healing |
| 12:30 | Marksmanship |
| 12:33 | Archer |
| 12:36 | Wisp |
| 12:36 | Wisp |
| 12:39 | Strength of the Wild |
| 12:40 | Ultravision |
| 12:46 | Forked Lightning |
| 13:13 | Hippogryph |
| 13:15 | Reinforced Hides |
| 13:16 | Well Spring |
| 13:19 | Wisp |
| 13:19 | Wisp |
| 13:19 | Wisp |
| 13:19 | Wisp |
| 13:26 | Moon Well |
| 13:26 | Moon Well |
| 14:09 | Mana Burn |
| 14:24 | Hippogryph |
| 14:42 | Hippogryph |
| 15:03 | Scroll of Town Portal |
| Right click | 654 |
| Select group | 370 |
| Select | 264 |
| Build/train/purchase | 110 |
| Misc. action | 23 |
| Assign group | 21 |
| Use ability | 18 |
| Item give/drop | 7 |
| Remove unit | 6 |


| Healing Salve | 4 | 400 |
| Lesser Clarity Potion | 3 | 210 |
| Scroll of Speed | 3 | 150 |
| Orb of Lightning | 1 | 375 |
| Scroll of Town Portal | 4 | 1400 |
| Potion of Lesser Invulnerability | 1 | 150 |
| Scroll of Protection | 2 | 300 |
| total: | 18 | 2985g |
| Peon | 7 | 525 | / | 0 |
| Troll Headhunter | 12 | 1680 | / | 240 |
| Goblin Shredder | 1 | 375 | / | 100 |
| total: | 20 | 2580g | / | 340w |
| Altar of Storms | 1 | 180 | / | 50 |
| Orc Burrow | 5 | 800 | / | 200 |
| War Mill | 1 | 205 | / | 0 |
| Barracks | 1 | 180 | / | 50 |
| Voodoo Lounge | 1 | 130 | / | 30 |
| Great Hall | 1 | 385 | / | 185 |
| Stronghold | 1 | 315 | / | 190 |
| Fortress | 1 | 325 | / | 190 |
| total: | 10 | 1880g | / | 515w |
| 0:03 | Peon |
| 0:03 | Peon |
| 0:23 | Altar of Storms |
| 0:36 | Orc Burrow |
| 0:42 | Peon |
| 0:53 | War Mill |
| 1:09 | Peon |
| 1:17 | Barracks |
| 1:49 | Orc Burrow |
| 2:07 | Peon |
| 2:08 | Peon |
| 2:21 | Troll Headhunter |
| 2:24 | Troll Headhunter |
| 2:26 | Peon |
| 2:30 | Endurance Aura |
| 2:58 | Troll Headhunter |
| 3:13 | Troll Headhunter |
| 3:18 | Voodoo Lounge |
| 4:08 | Stronghold |
| 4:14 | Shockwave |
| 4:24 | Orc Burrow |
| 4:32 | Healing Salve |
| 4:32 | Lesser Clarity Potion |
| 4:36 | Scroll of Speed |
| 4:43 | Troll Headhunter |
| 4:43 | Troll Headhunter |
| 5:46 | Troll Headhunter |
| 5:48 | Steel Ranged Weapons |
| 5:49 | Steel Armor |
| 5:50 | Spiked Barricades |
| 5:57 | Healing Salve |
| 6:03 | Healing Salve |
| 6:04 | Scroll of Speed |
| 6:29 | Scroll of Town Portal |
| 7:08 | Endurance Aura |
| 7:50 | Lesser Clarity Potion |
| 8:04 | Scroll of Town Portal |
| 8:08 | Troll Regeneration |
| 8:32 | Goblin Shredder |
| 8:59 | Troll Headhunter |
| 8:59 | Troll Headhunter |
| 9:02 | Healing Wave |
| 9:12 | Great Hall |
| 9:20 | Potion of Lesser Invulnerability |
| 9:41 | Scroll of Protection |
| 9:57 | Fortress |
| 10:25 | Shockwave |
| 10:39 | Hex |
| 11:17 | Scroll of Town Portal |
| 11:18 | Orb of Lightning |
| 12:36 | Troll Headhunter |
| 12:36 | Troll Headhunter |
| 12:36 | Troll Headhunter |
| 12:36 | Berserker Upgrade |
| 12:40 | Thorium Ranged Weapons |
| 12:40 | Thorium Armor |
| 12:49 | Scroll of Town Portal |
| 12:59 | Scroll of Protection |
| 13:18 | Orc Burrow |
| 13:19 | Orc Burrow |
| 14:22 | Healing Wave |
| 14:44 | Lesser Clarity Potion |
| 14:44 | Healing Salve |
| 14:44 | Scroll of Speed |
| Select group | 521 |
| Right click | 432 |
| Select | 124 |
| Build/train/purchase | 68 |
| Use ability | 35 |
| Minimap ping | 14 |
| Assign group | 12 |
| Item give/drop | 3 |

| Rod of Necromancy | 2 | 300 |
| Potion of Mana | 1 | 200 |
| Scroll of Town Portal | 1 | 350 |
| total: | 4 | 850g |
| Acolyte | 7 | 525 | / | 0 |
| Ghoul | 6 | 720 | / | 0 |
| Gargoyle | 7 | 1225 | / | 210 |
| Frost Wyrm | 1 | 385 | / | 120 |
| Goblin Shredder | 1 | 375 | / | 100 |
| total: | 22 | 3230g | / | 430w |
| Nerubian Tower | 2 | 200 | / | 40 |
| Spirit Tower | 3 | 435 | / | 120 |
| Ziggurat | 9 | 1350 | / | 450 |
| Crypt | 2 | 400 | / | 100 |
| Altar of Darkness | 1 | 180 | / | 50 |
| Tomb of Relics | 3 | 390 | / | 90 |
| Graveyard | 1 | 215 | / | 0 |
| Necropolis | 2 | 450 | / | 0 |
| Boneyard | 3 | 525 | / | 600 |
| Halls of the Dead | 1 | 320 | / | 210 |
| Black Citadel | 1 | 325 | / | 230 |
| total: | 21 | 3510g | / | 1290w |
| 0:08 | Acolyte |
| 0:08 | Acolyte |
| 0:20 | Ziggurat |
| 0:24 | Crypt |
| 0:43 | Altar of Darkness |
| 0:57 | Acolyte |
| 1:14 | Ziggurat |
| 1:18 | Tomb of Relics |
| 1:37 | Ghoul |
| 1:37 | Ghoul |
| 2:02 | Ghoul |
| 2:02 | Ghoul |
| 2:33 | Ziggurat |
| 2:46 | Rod of Necromancy |
| 3:06 | Carrion Swarm |
| 3:16 | Halls of the Dead |
| 3:44 | Graveyard |
| 4:12 | Ghoul |
| 4:12 | Ghoul |
| 4:23 | Sleep |
| 5:03 | Necropolis |
| 5:38 | Goblin Shredder |
| 5:53 | Carrion Swarm |
| 6:11 | Acolyte |
| 6:11 | Acolyte |
| 6:11 | Acolyte |
| 6:11 | Acolyte |
| 6:18 | Rod of Necromancy |
| 6:48 | Ziggurat |
| 6:49 | Ziggurat |
| 6:50 | Ziggurat |
| 6:52 | Ziggurat |
| 6:54 | Ziggurat |
| 6:56 | Ziggurat |
| 7:07 | Creature Attack |
| 7:07 | Creature Carapace |
| 8:46 | Black Citadel |
| 8:47 | Improved Creature Attack |
| 8:49 | Crypt |
| 9:23 | Potion of Mana |
| 9:52 | Gargoyle |
| 9:55 | Improved Creature Carapace |
| 10:13 | Nerubian Tower |
| 10:14 | Spirit Tower |
| 10:17 | Spirit Tower |
| 10:18 | Spirit Tower |
| 10:19 | Nerubian Tower |
| 10:28 | Gargoyle |
| 10:33 | Scroll of Town Portal |
| 11:26 | Gargoyle |
| 11:46 | Boneyard |
| 11:47 | Boneyard |
| 11:50 | Boneyard |
| 12:02 | Gargoyle |
| 12:04 | Unholy Strength |
| 12:06 | Advanced Creature Attack |
| 12:06 | Advanced Creature Carapace |
| 12:50 | Gargoyle |
| 12:55 | Necropolis |
| 12:58 | Tomb of Relics |
| 13:02 | Tomb of Relics |
| 13:06 | Freezing Breath |
| 13:22 | Gargoyle |
| 14:09 | Vampiric Aura |
| 14:38 | Frost Wyrm |
| 14:40 | Gargoyle |
| Right click | 391 |
| Select | 233 |
| Build/train/purchase | 57 |
| Use ability | 20 |
| Chat | 17 |
| Misc. action | 9 |
| Minimap ping | 4 |
| Item give/drop | 2 |


| Healing Salve | 3 | 300 |
| Lesser Clarity Potion | 2 | 140 |
| Scroll of Speed | 1 | 50 |
| Potion of Mana | 2 | 400 |
| Potion of Healing | 1 | 150 |
| Scroll of Town Portal | 3 | 1050 |
| total: | 12 | 2090g |
| Peon | 6 | 450 | / | 0 |
| Troll Headhunter | 9 | 1260 | / | 180 |
| Shaman | 2 | 260 | / | 40 |
| total: | 17 | 1970g | / | 220w |
| Watch Tower | 1 | 110 | / | 80 |
| Altar of Storms | 1 | 180 | / | 50 |
| Orc Burrow | 5 | 800 | / | 200 |
| War Mill | 1 | 205 | / | 0 |
| Barracks | 3 | 540 | / | 150 |
| Voodoo Lounge | 1 | 130 | / | 30 |
| Spirit Lodge | 3 | 450 | / | 450 |
| Stronghold | 1 | 315 | / | 190 |
| Fortress | 1 | 325 | / | 190 |
| total: | 15 | 2415g | / | 960w |
| 0:03 | Peon |
| 0:10 | Altar of Storms |
| 0:15 | Orc Burrow |
| 0:21 | Peon |
| 0:32 | War Mill |
| 0:52 | Peon |
| 1:44 | Barracks |
| 1:47 | Peon |
| 1:50 | Orc Burrow |
| 2:12 | Feral Spirit |
| 2:22 | Orc Burrow |
| 2:27 | Voodoo Lounge |
| 2:29 | Peon |
| 2:32 | Peon |
| 2:49 | Troll Headhunter |
| 2:57 | Troll Headhunter |
| 3:20 | Orc Burrow |
| 3:39 | Chain Lighting |
| 3:56 | Stronghold |
| 4:06 | Troll Headhunter |
| 4:26 | Orc Burrow |
| 4:30 | Troll Headhunter |
| 4:42 | Healing Salve |
| 4:43 | Lesser Clarity Potion |
| 4:57 | Troll Headhunter |
| 5:49 | Steel Armor |
| 5:50 | Scroll of Speed |
| 5:51 | Healing Salve |
| 6:02 | Barracks |
| 6:19 | Potion of Mana |
| 6:26 | Troll Headhunter |
| 6:53 | Troll Headhunter |
| 6:58 | Feral Spirit |
| 8:05 | Serpent Ward |
| 8:20 | Scroll of Town Portal |
| 8:34 | Fortress |
| 8:42 | Spirit Lodge |
| 8:49 | Troll Headhunter |
| 8:58 | Barracks |
| 9:39 | Troll Headhunter |
| 9:45 | Steel Ranged Weapons |
| 10:00 | Shaman Adept Training |
| 10:04 | Spirit Lodge |
| 10:23 | Watch Tower |
| 11:04 | Shaman Master Training |
| 11:33 | Scroll of Town Portal |
| 12:46 | Spirit Lodge |
| 12:53 | Shaman |
| 12:54 | Shaman |
| 13:09 | Berserker Upgrade |
| 13:19 | Scroll of Town Portal |
| 13:20 | Potion of Healing |
| 13:20 | Potion of Mana |
| 14:46 | Healing Salve |
| 14:46 | Lesser Clarity Potion |
| Right click | 476 |
| Select | 211 |
| Build/train/purchase | 62 |
| Use ability | 24 |
| Minimap ping | 4 |
| Item give/drop | 1 |
| Remove unit | 1 |
130 units @ 17.8k
/ 2.5k
60 buildings @ 10.2k
/ 4.2k


| Rod of Necromancy | 2 | 300 |
| Orb of Corruption | 1 | 375 |
| Potion of Healing | 1 | 150 |
| Scroll of Healing | 1 | 250 |
| Scroll of Town Portal | 2 | 700 |
| total: | 7 | 1775g |
| Acolyte | 7 | 525 | / | 0 |
| Ghoul | 3 | 360 | / | 0 |
| Crypt Fiend | 10 | 2150 | / | 400 |
| Obsidian Statue | 6 | 1200 | / | 210 |
| Abomination | 1 | 240 | / | 70 |
| total: | 27 | 4475g | / | 680w |
| Spirit Tower | 3 | 435 | / | 120 |
| Crypt | 2 | 400 | / | 100 |
| Graveyard | 1 | 215 | / | 0 |
| Altar of Darkness | 1 | 180 | / | 50 |
| Ziggurat | 6 | 900 | / | 300 |
| Tomb of Relics | 2 | 260 | / | 60 |
| Necropolis | 1 | 225 | / | 0 |
| Slaughterhouse | 2 | 280 | / | 270 |
| Halls of the Dead | 2 | 640 | / | 420 |
| Black Citadel | 2 | 650 | / | 460 |
| total: | 15 | 2460g | / | 780w |
| 0:02 | Acolyte |
| 0:03 | Acolyte |
| 0:08 | Crypt |
| 0:26 | Graveyard |
| 0:49 | Altar of Darkness |
| 0:55 | Ziggurat |
| 1:09 | Ghoul |
| 1:29 | Tomb of Relics |
| 1:31 | Tomb of Relics |
| 1:50 | Ghoul |
| 1:56 | Crypt Fiend |
| 1:58 | Ziggurat |
| 2:06 | Crypt Fiend |
| 2:26 | Crypt Fiend |
| 2:51 | Rod of Necromancy |
| 2:54 | Death Coil |
| 3:14 | Acolyte |
| 3:18 | Crypt Fiend |
| 4:08 | Unholy Aura |
| 4:16 | Halls of the Dead |
| 4:25 | Crypt Fiend |
| 4:41 | Necropolis |
| 5:12 | Rod of Necromancy |
| 5:51 | Ziggurat |
| 6:04 | Death Coil |
| 6:14 | Crypt Fiend |
| 6:35 | Creature Attack |
| 6:46 | Black Citadel |
| 6:52 | Acolyte |
| 6:52 | Acolyte |
| 7:08 | Ghoul |
| 7:20 | Slaughterhouse |
| 7:21 | Slaughterhouse |
| 7:42 | Ziggurat |
| 7:43 | Acolyte |
| 7:57 | Spirit Tower |
| 8:02 | Frost Nova |
| 8:54 | Crypt Fiend |
| 8:54 | Obsidian Statue |
| 8:55 | Ziggurat |
| 8:58 | Spirit Tower |
| 8:58 | Acolyte |
| 9:00 | Improved Creature Attack |
| 9:00 | Creature Carapace |
| 9:20 | Burrow |
| 9:42 | Crypt |
| 9:49 | Orb of Corruption |
| 9:51 | Scroll of Healing |
| 9:55 | Scroll of Town Portal |
| 10:00 | Potion of Healing |
| 10:05 | Obsidian Statue |
| 10:05 | Destroyer Form |
| 10:21 | Death Pact |
| 10:55 | Crypt Fiend |
| 10:57 | Obsidian Statue |
| 11:59 | Dark Ritual |
| 12:14 | Crypt Fiend |
| 12:15 | Web |
| 12:20 | Abomination |
| 12:29 | Scroll of Town Portal |
| 12:47 | Obsidian Statue |
| 12:56 | Ziggurat |
| 13:31 | Advanced Creature Attack |
| 13:53 | Obsidian Statue |
| 14:47 | Crypt Fiend |
| 14:49 | Obsidian Statue |
| 15:02 | Frost Nova |
| 15:08 | Death Coil |
| Select group | 866 |
| Right click | 728 |
| Select | 277 |
| Misc. action | 100 |
| Build/train/purchase | 82 |
| Assign group | 37 |
| Use ability | 32 |
| Item give/drop | 4 |
| Remove unit | 2 |


| Wisp | 17 | 1020 | / | 0 |
| Huntress | 10 | 1950 | / | 200 |
| Archer | 12 | 1560 | / | 120 |
| total: | 39 | 4530g | / | 320w |
| Ancient Protector | 2 | 270 | / | 160 |
| Altar of Elders | 1 | 180 | / | 50 |
| Moon Well | 6 | 1080 | / | 240 |
| Ancient of War | 3 | 450 | / | 180 |
| Hunter's Hall | 1 | 210 | / | 100 |
| Ancient of Wonders | 1 | 90 | / | 30 |
| Tree of Life | 1 | 340 | / | 185 |
| Tree of Ages | 1 | 320 | / | 180 |
| Tree of Eternity | 1 | 330 | / | 200 |
| total: | 15 | 2620g | / | 945w |
| 0:02 | Wisp |
| 0:03 | Wisp |
| 0:07 | Altar of Elders |
| 0:18 | Moon Well |
| 0:28 | Wisp |
| 0:32 | Wisp |
| 0:43 | Wisp |
| 0:51 | Wisp |
| 1:04 | Wisp |
| 1:30 | Wisp |
| 1:53 | Ancient of War |
| 1:53 | Ancient of War |
| 1:56 | Hunter's Hall |
| 2:01 | Wisp |
| 2:04 | Wisp |
| 2:08 | Moon Well |
| 2:15 | Entangling Roots |
| 2:35 | Moon Well |
| 2:42 | Moon Well |
| 2:44 | Moon Well |
| 2:59 | Huntress |
| 3:01 | Huntress |
| 3:22 | Huntress |
| 3:40 | Huntress |
| 4:00 | Huntress |
| 4:24 | Huntress |
| 4:47 | Huntress |
| 4:49 | Strength of the Moon |
| 4:51 | Force of Nature |
| 6:04 | Tree of Ages |
| 6:32 | Huntress |
| 6:34 | Moon Armor |
| 6:57 | Huntress |
| 7:20 | Entangling Roots |
| 7:28 | Huntress |
| 8:06 | Archer |
| 8:22 | Ancient of Wonders |
| 8:24 | Moon Well |
| 8:27 | Wisp |
| 8:29 | Ancient of War |
| 8:43 | Archer |
| 9:04 | Archer |
| 9:05 | Ultravision |
| 9:30 | Trueshot Aura |
| 9:46 | Improved Bows |
| 9:46 | Archer |
| 9:54 | Tree of Eternity |
| 9:57 | Tree of Life |
| 10:08 | Archer |
| 11:10 | Archer |
| 11:17 | Ancient Protector |
| 11:17 | Ancient Protector |
| 11:38 | Force of Nature |
| 11:58 | Archer |
| 12:00 | Improved Strength of the Moon |
| 12:26 | Marksmanship |
| 12:28 | Archer |
| 12:29 | Archer |
| 13:05 | Improved Moon Armor |
| 13:06 | Wisp |
| 13:07 | Wisp |
| 13:07 | Wisp |
| 13:07 | Wisp |
| 13:07 | Wisp |
| 13:19 | Archer |
| 14:34 | Archer |
| 14:37 | Wisp |
| 14:46 | Archer |
| Right click | 802 |
| Select group | 322 |
| Select | 220 |
| Build/train/purchase | 60 |
| Chat | 40 |
| Assign group | 29 |
| Use ability | 9 |
| Misc. action | 6 |
| Item give/drop | 2 |
| Esc | 2 |
| Minimap ping | 2 |



| Moonstone | 2 | 100 |
| Scroll of Town Portal | 3 | 1050 |
| Periapt of Vitality | 1 | 325 |
| Circlet of Nobility | 1 | 175 |
| total: | 7 | 1650g |
| Wisp | 16 | 960 | / | 0 |
| Chimaera | 6 | 1980 | / | 420 |
| Hippogryph | 10 | 1600 | / | 200 |
| Goblin Shredder | 1 | 375 | / | 100 |
| total: | 33 | 4915g | / | 720w |
| Moon Well | 6 | 1080 | / | 240 |
| Altar of Elders | 1 | 180 | / | 50 |
| Hunter's Hall | 1 | 210 | / | 100 |
| Ancient of Wonders | 3 | 270 | / | 90 |
| Tree of Life | 1 | 340 | / | 185 |
| Ancient of Wind | 2 | 300 | / | 280 |
| Chimaera Roost | 3 | 420 | / | 570 |
| Tree of Ages | 2 | 640 | / | 360 |
| Tree of Eternity | 1 | 330 | / | 200 |
| total: | 17 | 2800g | / | 1515w |
| 0:02 | Wisp |
| 0:02 | Wisp |
| 0:03 | Wisp |
| 0:03 | Wisp |
| 0:03 | Wisp |
| 0:19 | Moon Well |
| 0:35 | Altar of Elders |
| 0:41 | Wisp |
| 0:41 | Wisp |
| 1:06 | Wisp |
| 1:06 | Wisp |
| 1:55 | Tree of Ages |
| 1:59 | Moon Well |
| 2:21 | Moon Well |
| 2:25 | Moon Well |
| 2:36 | Mana Burn |
| 3:19 | Hunter's Hall |
| 3:58 | Moon Well |
| 4:17 | Tree of Eternity |
| 4:53 | Frost Arrows |
| 5:31 | Goblin Shredder |
| 5:56 | Evasion |
| 6:00 | Strength of the Wild |
| 6:50 | Chimaera Roost |
| 6:51 | Chimaera Roost |
| 7:06 | Chimaera Roost |
| 7:09 | Wisp |
| 7:09 | Wisp |
| 7:09 | Wisp |
| 7:46 | Entangling Roots |
| 8:06 | Ancient of Wonders |
| 8:15 | Chimaera |
| 8:16 | Chimaera |
| 8:23 | Moon Well |
| 8:24 | Wisp |
| 8:24 | Wisp |
| 8:24 | Wisp |
| 8:24 | Wisp |
| 8:31 | Chimaera |
| 8:40 | Improved Strength of the Wild |
| 8:40 | Reinforced Hides |
| 8:45 | Forked Lightning |
| 8:47 | Tree of Life |
| 8:52 | Ancient of Wind |
| 8:58 | Ancient of Wind |
| 9:02 | Ancient of Wonders |
| 9:14 | Periapt of Vitality |
| 9:14 | Circlet of Nobility |
| 9:21 | Chimaera |
| 10:14 | Chimaera |
| 11:09 | Hippogryph |
| 11:16 | Moonstone |
| 11:24 | Corrosive Breath |
| 11:50 | Moonstone |
| 11:59 | Scroll of Town Portal |
| 12:23 | Hippogryph |
| 12:30 | Hippogryph |
| 12:36 | Hippogryph |
| 13:06 | Hippogryph |
| 13:11 | Ancient of Wonders |
| 14:02 | Mana Burn |
| 14:05 | Thorns Aura |
| 14:21 | Hippogryph |
| 14:22 | Hippogryph |
| 14:22 | Hippogryph |
| 14:23 | Advanced Strength of the Wild |
| 14:31 | Chimaera |
| 14:52 | Scroll of Town Portal |
| 14:52 | Scroll of Town Portal |
| 15:08 | Hippogryph |
| 15:08 | Hippogryph |
| Right click | 518 |
| Select group | 344 |
| Select | 237 |
| Chat | 150 |
| Build/train/purchase | 64 |
| Misc. action | 51 |
| Assign group | 23 |
| Use ability | 21 |
| Minimap ping | 9 |
| Remove unit | 5 |
| Item give/drop | 4 |


| Lesser Clarity Potion | 3 | 210 |
| Moonstone | 1 | 50 |
| Orb of Venom | 1 | 325 |
| Staff of Preservation | 1 | 150 |
| Anti-magic Potion | 1 | 100 |
| Potion of Healing | 1 | 150 |
| Scroll of Town Portal | 1 | 350 |
| Boots of Speed | 1 | 250 |
| Potion of Lesser Invulnerability | 1 | 150 |
| total: | 11 | 1735g |
| Wisp | 19 | 1140 | / | 0 |
| Archer | 1 | 130 | / | 10 |
| Dryad | 6 | 870 | / | 360 |
| Mountain Giant | 4 | 1400 | / | 400 |
| Forest Troll High Priest | 1 | 305 | / | 40 |
| total: | 31 | 3845g | / | 810w |
| Altar of Elders | 1 | 180 | / | 50 |
| Moon Well | 6 | 1080 | / | 240 |
| Ancient of War | 1 | 150 | / | 60 |
| Ancient of Wonders | 1 | 90 | / | 30 |
| Tree of Life | 1 | 340 | / | 185 |
| Hunter's Hall | 1 | 210 | / | 100 |
| Ancient of Lore | 2 | 310 | / | 290 |
| Tree of Ages | 2 | 640 | / | 360 |
| Tree of Eternity | 2 | 660 | / | 400 |
| total: | 13 | 2360g | / | 955w |
| 0:02 | Wisp |
| 0:02 | Wisp |
| 0:05 | Wisp |
| 0:08 | Altar of Elders |
| 0:17 | Moon Well |
| 0:40 | Ancient of War |
| 0:47 | Wisp |
| 0:47 | Wisp |
| 0:48 | Wisp |
| 1:17 | Wisp |
| 1:17 | Wisp |
| 1:49 | Archer |
| 1:51 | Moon Well |
| 1:52 | Wisp |
| 2:08 | Immolation |
| 2:39 | Ancient of Wonders |
| 2:42 | Wisp |
| 2:42 | Wisp |
| 2:42 | Wisp |
| 3:38 | Mana Burn |
| 3:49 | Tree of Ages |
| 3:51 | Tree of Life |
| 4:02 | Moon Well |
| 4:06 | Moon Well |
| 4:11 | Lesser Clarity Potion |
| 4:12 | Lesser Clarity Potion |
| 4:14 | Moonstone |
| 4:47 | Hunter's Hall |
| 4:50 | Mana Burn |
| 6:11 | Wisp |
| 6:11 | Wisp |
| 6:11 | Wisp |
| 6:11 | Wisp |
| 6:12 | Wisp |
| 6:16 | Ancient of Lore |
| 6:18 | Ancient of Lore |
| 6:20 | Ultravision |
| 6:22 | Wisp |
| 6:22 | Wisp |
| 6:30 | Frost Arrows |
| 6:50 | Tree of Eternity |
| 6:58 | Boots of Speed |
| 7:29 | Nature's Blessing |
| 8:27 | Dryad |
| 8:28 | Abolish Magic |
| 8:29 | Dryad |
| 8:54 | Forest Troll High Priest |
| 9:08 | Forked Lightning |
| 9:16 | Hardened Skin |
| 9:18 | Resistant Skin |
| 9:21 | Well Spring |
| 9:21 | Strength of the Wild |
| 10:02 | Dryad |
| 10:06 | Moon Well |
| 10:06 | Moon Well |
| 11:09 | Dryad |
| 11:18 | Mountain Giant |
| 11:20 | Mountain Giant |
| 11:22 | Reinforced Hides |
| 11:33 | Scroll of Town Portal |
| 11:33 | Orb of Venom |
| 11:51 | Lesser Clarity Potion |
| 11:54 | Staff of Preservation |
| 12:29 | Anti-magic Potion |
| 12:29 | Potion of Healing |
| 12:34 | Mountain Giant |
| 12:45 | Mountain Giant |
| 12:49 | Potion of Lesser Invulnerability |
| 13:00 | Improved Reinforced Hides |
| 13:01 | Advanced Reinforced Hides |
| 13:33 | Evasion |
| 14:26 | Dryad |
| 14:30 | Forked Lightning |
| 15:15 | Dryad |
| Right click | 694 |
| Select | 420 |
| Select group | 299 |
| Misc. action | 148 |
| Build/train/purchase | 92 |
| Use ability | 34 |
| Assign group | 27 |
| Resource trade | 24 |
| Chat | 16 |
| Item give/drop | 6 |
⇛